 Dungeon Crawl Stone Soup version 0.30-b1-2-g02819fbbbe (webtiles) character file.

Game seed: 9485648211693391110

592 Dirian the Slasher (level 7, -1/61 HPs)
             Began as a Minotaur Fighter on May 6, 2023.
             Slain by a black bear (7 damage)
             ... on level 4 of the Dungeon.
             The game lasted 00:05:01 (3069 turns).

Dirian the Slasher (Minotaur Fighter)               Turns: 3069, Time: 00:05:02

Health: -1/61      AC: 11    Str: 22    XL:     7   Next: 16%
Magic:  6/6        EV:  9    Int:  5    God:
Gold:   251        SH:  4    Dex: 10    Spells: 6/6 levels left

rFire   . . .        a - +0 long sword (freeze)
rCold   . . .        c - +0 buckler
rNeg    . . .        t - +3 scale mail
rPois   .            (helmet restricted)
rElec   .            i - scarf {+Inv}
rCorr   .            h - +0 pair of gloves
SInv    .            (no boots)
Will    .....        e - amulet of faith Stlth
                     (no ring)
HPRegen 0.30/turn    (no ring)
MPRegen 0.10/turn

%: faith
@: mighty
A: horns 2, retaliatory headbutt
a: Evoke Invisibility


You were on level 4 of the Dungeon.
You visited 1 branch of the dungeon, and saw 4 of its levels.

You collected 251 gold pieces.

Inventory:

Hand Weapons
 a - a +0 long sword of freezing (weapon)
Armour
 c - a +0 buckler (worn)
 h - a +0 pair of gloves (worn)
 i - a scarf of invisibility (worn)
 l - a +0 chain mail
 n - a +0 plate armour
 t - a +3 scale mail (worn)
Jewellery
 e - an amulet of faith (around neck)
 s - a ring of ice
Scrolls
 b - a scroll of immolation {unknown}
 f - 5 scrolls of fear
 k - a scroll of acquirement
 o - 4 scrolls of vulnerability
 r - a scroll of identify
Potions
 d - a potion of might
 g - a potion of attraction
 j - a potion of heal wounds {unknown}
 q - 3 potions of curing


   Skills:
 + Level 5.2 Fighting
 + Level 7.1 Long Blades
 + Level 5.6 Armour
 + Level 4.4 Shields


You had 6 spell levels left.
You didn't know any spells.
Your spell library contained the following spells:

 Spells                   Type           Power      Damage    Failure   Level
 Portal Projectile        Hex/Tloc       0%         N/A       99%         3
 Tukima's Dance           Hex            0%         N/A       99%         3
 Blade Hands              Tmut           0%         N/A       100%        5


Dungeon Overview and Level Annotations

Branches:
Dungeon (4/15) Zot: 20874
 Temple: D:4-7

Altars:

Shops:
D:4 (

Annotations:
D:4 Menkaure


Innate Abilities, Weirdness & Mutations

You have a pair of horns on your head.
You reflexively headbutt those who attack you in melee.


Message History

A dart slug comes into view.
Menkaure sighs, "It doesn't hurt if you pull your brain out of your nose yourself."
The gnoll closely misses you. x2
You hit the gnoll. You freeze the gnoll.
You kill the gnoll!
An endoplasm comes into view.
The gnoll hits you but does no damage.
Your Long Blades skill increases to level 7!
You feel better. The gnoll hits you with a +0 whip.
The gnoll hits you from afar with a +0 spear.
A gnoll comes into view. It is wielding a +2 heavy flail.
You barely miss the gnoll. The gnoll hits you but does no damage.
The gnoll hits you with a +0 whip.
You closely miss the gnoll. You headbutt the gnoll!
The gnoll is heavily wounded.
Menkaure calls on the powers of darkness!
The gnoll convulses!
The dart slug convulses!
The endoplasm convulses!
The black bear convulses!
The gnoll convulses!
Your body is wracked with pain!
The endoplasm convulses!
The gnoll hits you with a +0 whip!
* * * LOW HITPOINT WARNING * * *
The gnoll hits you from afar with a +0 spear.
* * * LOW HITPOINT WARNING * * *
You slash the gnoll! You freeze the gnoll.
You kill the gnoll!
Menkaure calls on the powers of darkness!
The gnoll convulses!
The endoplasm convulses!
The black bear convulses!
The dart slug convulses!
Your body is wracked with pain!
* * * LOW HITPOINT WARNING * * *
The gnoll convulses!
The gnoll barely misses you.
Menkaure calls on the powers of darkness!
The gnoll convulses!
The dart slug convulses!
The endoplasm convulses!
The gnoll convulses!
The black bear convulses!
Your body is wracked with pain!
* * * LOW HITPOINT WARNING * * *
The black bear goes berserk!
Menkaure gestures wildly while chanting.
Menkaure seems to speed up.
The black bear attacks as you move away!
You block the black bear's attack. The black bear barely misses you. x2
The black bear bites you!
You die...

# ..### .##
..g...#########..####.
...J.J)M.............
..###.##............
.. #.g......... ##
#[......#..#
...#...h...#..#####
#.......@...#..#...#
#..#+#.#.......#...#
#. +.#....#......# #
###.<..####...# #....#
#...# ###### #..)###
#.....# . #######.# .
#.......# ..


You could see a black bear (berserk), Menkaure (fast) and a gnoll.

Vanquished Creatures
  Pikel (D:4)
  An iguana (D:3)
  2 gnolls (D:4)
  3 adders
  A white imp (D:3)
  4 worms
  A dart slug (D:2)
  7 orcs (D:3)
  5 ball pythons
  7 endoplasms
  5 giant cockroaches
  8 goblins
  8 hobgoblins
  2 quokkas
  11 bats
  2 frilled lizards (D:1)
  9 kobolds
77 creatures vanquished.

Notes
Turn   | Place    | Note
-------+----------+-------------------------------------------
     0 | D:1      | Dirian the Minotaur Fighter began the quest for the Orb.
     0 | D:1      | Reached XP level 1. HP: 19/19 MP: 0/0
   360 | D:1      | Reached XP level 2. HP: 27/27 MP: 1/1
  1143 | D:2      | Reached XP level 3. HP: 29/33 MP: 2/2
  1196 | D:2      | Reached skill level 3 in Long Blades
  1842 | D:3      | Noticed an eye of devastation
  1843 | D:3      | Found a faded altar of an unknown god.
  1847 | D:3      | Noticed a floating eye
  1853 | D:3      | Noticed an eye of devastation
  1853 | D:3      | Noticed a shining eye
  1949 | D:3      | Reached XP level 4. HP: 14/41 MP: 3/3
  1951 | D:3      | Reached skill level 4 in Long Blades
  2750 | D:3      | Reached XP level 5. HP: 47/47 MP: 4/4
  2796 | D:3      | Identified a scroll of acquirement
  2879 | D:4      | Found Zialy's Antique Weapon Boutique.
  2998 | D:4      | Noticed Pikel
  3000 | D:4      | Noticed a lemure
  3000 | D:4      | Noticed a lemure
  3001 | D:4      | Noticed a lemure
  3001 | D:4      | Noticed a lemure
  3025 | D:4      | Killed Pikel
  3026 | D:4      | Reached skill level 5 in Fighting
  3026 | D:4      | Reached skill level 6 in Long Blades
  3026 | D:4      | Reached skill level 5 in Armour
  3026 | D:4      | Reached XP level 6. HP: 26/56 MP: 5/5
  3026 | D:4      | Reached XP level 7. HP: 29/61 MP: 6/6
  3057 | D:4      | Noticed Menkaure
  3061 | D:4      | Reached skill level 7 in Long Blades
  3069 | D:4      | Slain by a black bear

Illustrated notes

Levels and vault maps discovered:
D:1:      minmay_arrival_four_houses, layout_loops_corners
D:2:      wad_crossroads, layout_basic, minmay_tree_intersection
D:3:      minmay_diamond_boxcup, layout_loops_cross,
          hellmonk_ecumenical_altar_watching_god, patterned_corridor
D:4:      layout_basic, serial_shops, nicolae_shop_behind_doors, shop, shop,
          shop, minivault_1, uniq_grinder, uniq_menkaure, uniq_sigmund,
          uniq_pikel

Skill      XL: |  1  2  3  4  5  6  7 |
---------------+----------------------+-----
Armour         | 4 5 |  5.6
Shields        | 4 |  4.4
Fighting       | 4 5 |  5.2
Long Blades    | 3 4 6 7 |  7.1

Action                     |  1- 3 |  4- 6 |  7- 9 || total
---------------------------+-------+-------+-------++-------
  Melee: Long sword        |   129 |    85 |    10 ||   224
         Headbutt          |    25 |     8 |     3 ||    36
    Use: Scroll            |       |     8 |       ||     8
         Potion            |       |     1 |     1 ||     2
 Armour: Scale mail        |    59 |    32 |     5 ||    96
  Dodge: Dodged            |    44 |    39 |     7 ||    90
  Block: Buckler           |    30 |     9 |     2 ||    41
